 Dungeon Crawl Stone Soup version 0.30-a0-1124-g6e8f0f562f (webtiles) character file.

Game seed: 2232143510886528190

2298 Orangeyouglad the Digger (level 9, -4/59 HPs)
             Began as a Human Earth Elementalist on Apr 24, 2023.
             Was a Priest of Zin.
             Slain by a basilisk (5 damage)
             ... while petrified by a basilisk
             ... on level 9 of the Dungeon.
             The game lasted 00:22:57 (7854 turns).

Orangeyouglad the Digger (Human Earth Elementalist) Turns: 7854, Time: 00:22:58

Health: -4/59      AC:  3    Str:  8    XL:     9   Next: 67%
Magic:  16/16      EV:  2    Int: 25    God:    Zin [***...]
Gold:   253        SH:  0    Dex: 15    Spells: 12/18 levels left

rFire   + . .        n - +3 short sword
rCold   . . .        y - +0 buckler
rNeg    + + +        a - +0 robe
rPois   ∞            (no helmet)
rElec   .            (no cloak)
rCorr   .            (no gloves)
SInv    .            O - +0 pair of boots
Will    .....        p - amulet of magic regeneration
Stlth   +++          k - +6 ring of intelligence
HPRegen 0.29/turn    F - ring of protection from fire
MPRegen 0.55/turn

%: no passive effects
@: petrified
A: no striking features
a: Renounce Religion, Recite, Vitalisation, Imprison, Donate Gold


You were on level 9 of the Dungeon.
You worshipped Zin.
Zin was most pleased with you.
You visited 2 branches of the dungeon, and saw 10 of its levels.

You collected 422 gold pieces.
You donated 169 gold pieces to Zin.

Inventory:

Hand Weapons
 n - a +3 short sword (weapon)
 L - a +3 long sword
Missiles
 c - 5 boomerangs (quivered)
 l - 2 atropa-tipped darts
 E - a throwing net
 N - 8 poisoned darts
Armour
 a - a +0 robe (worn)
 y - a +0 buckler (worn)
 O - a +0 pair of boots (worn)
Jewellery
 k - a +6 ring of intelligence (left hand)
 p - an amulet of magic regeneration (around neck)
 w - a ring of resist corrosion
 F - a ring of protection from fire (right hand)
 J - a ring of protection from fire
 P - a ring of see invisible
Wands
 C - a wand of roots (17)
Scrolls
 d - 2 scrolls of brand weapon {unknown}
 e - 5 scrolls of teleportation
 i - 4 scrolls of vulnerability
 o - a scroll of summoning {unknown}
 q - a scroll of acquirement {unknown}
 r - a scroll of blinking {unknown}
 s - 2 scrolls of enchant armour {unknown}
 u - 2 scrolls of fear
 x - 2 scrolls of magic mapping {unknown}
 G - 2 scrolls of amnesia {unknown}
 I - 2 scrolls of identify
 K - a scroll of immolation {unknown}
 M - a scroll of fog {unknown}
Potions
 b - a potion of magic
 f - a potion of might
 h - a potion of haste
 j - 2 potions of invisibility
 m - a potion of berserk rage
 t - 3 potions of curing
 v - a potion of mutation {unknown}
 z - 2 potions of brilliance {unknown}
 A - 2 potions of attraction {unknown}
 B - a potion of resistance {unknown}
 D - a potion of flight {unknown}
 H - a potion of degeneration {unknown}


   Skills:
 + Level 1.0 Fighting
 + Level 5.8 Dodging
 - Level 5.0 Stealth
 - Level 5.1 Spellcasting
 + Level 4.9 Conjurations
 - Level 2.0 Transmutations
 + Level 6.3 Earth Magic
 + Level 3.4 Invocations


You had 12 spell levels left.
You knew the following spells:

 Your Spells              Type           Power      Damage    Failure   Level
a - Sandblast             Erth           74%        2d16      1%          1
b - Passwall              Tmut/Erth      22%        N/A       3%          2
c - Stone Arrow           Conj/Erth      68%        3d11      4%          3

Your spell library contained the following spells:

 Spells                   Type           Power      Damage    Failure   Level
 Magic Dart               Conj           100%       1d8       1%          1
 Searing Ray              Conj           62%        2d6       2%          2
 Ensorcelled Hibernation  Hex/Ice        12%        N/A       21%         2
 Petrify                  Tmut/Erth      27%        N/A       24%         4
 Lee's Rapid Deconstruct  Erth           18%        3d11*     26%         5
 Inner Flame              Hex/Fire       6%         N/A       36%         3
 Swiftness                Air            6%         N/A       36%         3
 Volatile Blastmotes      Fire/Tloc      12%        2d11      36%         3
 Fulminant Prism          Conj/Hex       9%         3d7       43%         4
 Iskenderun's Mystic Bla  Conj/Tloc      18%        2d6       43%         4
 Yara's Violent Unravell  Hex/Tmut       5%         3d4       94%         5
 Enfeeble                 Hex            3%         N/A       100%        7


Dungeon Overview and Level Annotations

Branches:
Dungeon (9/15)             Temple (1/1) D:5            Lair (0/5) D:8
    Orc: D:9-12

Altars:
Ashenzari
Cheibriados
Dithmenos
Elyvilon
Fedhas
Gozag
Kikubaaqudgha
Nemelex Xobeh
Okawaru
Qazlal
Ru
Sif Muna
Uskayaw
Vehumet
Wu Jian
Yredelemnul
Zin
Lugonu

Shops:
D:4 [


Message History

Confirm with . or Enter, or press ? or * to list all spells.
Aiming: Sandblast (safe; 1% risk of failure)
Press: ? - help, Shift-Dir - straight line, f - wyvern
Aim: a wyvern (84% to hit)
The blast of sand hits the wyvern but does no damage.
The wyvern bites you. The wyvern closely misses you.
The wyvern closely misses you. The wyvern bites you.
The wyvern closely misses you. The wyvern attacks as you move away!
The wyvern bites you!
There is a stone staircase leading down here.
You block the wyvern's attack. The basilisk misses you. The wyvern misses you.
You climb downwards.
Found a scroll of identify and 8 gold pieces.
There is a stone staircase leading up here.
Casting: Sandblast (safe; 1% risk of failure)
Confirm with . or Enter, or press ? or * to list all spells.
Aiming: Stone Arrow (dangerous; 4% risk of failure)
Press: ? - help, Shift-Dir - straight line The basilisk gazes at you.
You are slowing down.
The wyvern bites you but does no damage.
The wyvern bites you! The basilisk barely misses you. The wyvern bites you!
The basilisk bites you.
Your limbs are stiffening.
You feel much better. The wyvern bites you! The wyvern barely misses you.
You block the basilisk's attack. The wyvern barely misses you.
You have turned to stone.
The basilisk gazes at you. The wyvern bites you. The wyvern bites you!
The basilisk gazes at you. The wyvern bites you. The basilisk bites you!
* * * LOW HITPOINT WARNING * * *
The wyvern bites you.
* * * LOW HITPOINT WARNING * * *
The wyvern bites you!
* * * LOW HITPOINT WARNING * * *
The basilisk bites you!
You die...

####+###
#..$...#
#......#
#......#
#....l?+
#....l@#
#......#
#......#
##+#####


You could see a basilisk and a wyvern.

Vanquished Creatures
  A water moccasin (D:7)
  3 black bears (D:6)
  2 sky beasts
  An ogre (D:7)
  A wolf (D:8)
  A centaur (D:5)
  2 phantoms (D:5)
  A bullfrog (D:6)
  4 scorpions
  5 wights (D:7)
  4 killer bees
  A jelly (D:6)
  4 orc priests
  2 sleepcaps (D:6)
  2 iguanas
  4 orc wizards
  8 adders
  3 gnolls (D:5)
  2 shadow imps (D:7)
  3 white imps
  An ufetubus (D:7)
  A worm (D:5)
  A dart slug (D:5)
  28 orcs
  5 endoplasms
  3 giant cockroaches
  8 hobgoblins
  11 jackals
  7 quokkas
  7 ball pythons
  8 bats
  2 frilled lizards (D:1)
  5 goblins
  4 kobolds
  4 rats
149 creatures vanquished.

Vanquished Creatures (others)
  A quokka (D:5)
  7 plants (D:5)
8 creatures vanquished.

Grand Total: 157 creatures vanquished

Notes
Turn   | Place    | Note
-------+----------+-------------------------------------------
     0 | D:1      | Orangeyouglad the Human Earth Elementalist began the quest
                  | for the Orb.
     0 | D:1      | Reached XP level 1. HP: 13/13 MP: 3/3
   290 | D:1      | Reached XP level 2. HP: 19/19 MP: 3/5
   358 | D:1      | Learned a level 2 spell: Passwall
  1006 | D:2      | Reached XP level 3. HP: 24/24 MP: 3/6
  1021 | D:2      | Learned a level 3 spell: Stone Arrow
  1294 | D:2      | Found an ancient bone altar of Kikubaaqudgha.
  1362 | D:2      | Reached XP level 4. HP: 30/30 MP: 2/7
  1894 | D:3      | Found a hide-covered altar of Uskayaw.
  1979 | D:3      | Found a sparkling altar of Nemelex Xobeh.
  2181 | D:3      | Reached XP level 5. HP: 23/35 MP: 6/9
  2370 | D:4      | Identified the +7 dagger of Tick {venom, rC+ rN+ Dex-4}
  2459 | D:4      | Reached skill level 1 in Conjurations
  2789 | D:4      | Reached XP level 6. HP: 41/41 MP: 8/10
  2790 | D:4      | Found Owiodeliw's Armour Boutique.
  3360 | D:5      | Entered Level 5 of the Dungeon
  3504 | D:5      | Reached skill level 4 in Earth Magic
  3781 | D:5      | Found a white marble altar of Elyvilon.
  3799 | D:5      | Became a worshipper of Elyvilon the Healer
  3827 | D:5      | Reached XP level 7. HP: 15/46 MP: 9/11
  4002 | D:5      | Found an opulent altar of Gozag.
  4125 | D:5      | Found a staircase to the Ecumenical Temple.
  4320 | Temple   | Entered the Ecumenical Temple
  4365 | Temple   | Fell from the grace of Elyvilon
  4365 | Temple   | Became a worshipper of Zin the Law-Giver
  4365 | Temple   | Reached * piety under Zin
  4375 | Temple   | Donated 127 gold pieces to Zin
  4478 | D:5      | Reached XP level 8. HP: 33/52 MP: 10/13
  4939 | D:5      | Reached ** piety under Zin
  5303 | D:6      | Reached skill level 5 in Earth Magic
  5373 | D:6      | Found a blossoming altar of Fedhas.
  5376 | D:6      | Found an ancient bone altar of Kikubaaqudgha.
  5390 | D:6      | Reached skill level 5 in Stealth
  5548 | D:6      | Reached skill level 1 in Invocations
  5629 | D:6      | Found a radiant altar of Vehumet.
  6351 | D:7      | Reached skill level 5 in Dodging
  6379 | D:7      | Reached XP level 9. HP: 40/57 MP: 1/15
  6440 | D:7      | You fall into a shaft and drop 1 floor!
  6760 | D:7      | Found an ornate altar of the Wu Jian Council.
  6817 | D:7      | Reached skill level 5 in Spellcasting
  6819 | D:7      | Reached skill level 6 in Earth Magic
  6984 | D:7      | Found a basalt altar of Yredelemnul.
  7549 | D:8      | Found a shadowy altar of Dithmenos.
  7566 | D:8      | Reached *** piety under Zin
  7593 | D:8      | Found a staircase to the Lair.
  7621 | D:9      | Reached skill level 1 in Fighting
  7854 | D:9      | HP: 1/59 [wyvern (8)]
  7854 | D:9      | Slain by a basilisk

Illustrated notes

Levels and vault maps discovered:
D:1:      nagdon_arrival_zigzag_paths, layout_basic
D:2:      layout_rooms, basic_altar, minmay_tromino_v4_a
D:3:      layout_loops_ring, mainiacjoe_overflow_paths,
          nicolae_uskayaw_murder_on_the_dancefloor, dreamdust_princess_corridor,
          serial_bayou_pond_e, minmay_misc_feat_tiny
D:4:      layout_cave_pods, serial_shops, shop
D:5:      layout_loops_ring, elyvilon_altar_4, grunt_gozag_statues,
          temple_pool_b, guppyfry_early_lair_pool
D:6:      layout_layer_cave, mainiacjoe_overflow_alcove_4,
          grunt_temple_overflow_growth_and_decay
D:7:      layout_loops_cross, pdpol_wu_jian_five_deadly_venoms,
          kennysheep_mini_moat
D:8:      layout_rooms, nicolae_dithmenos_through_a_glass_darkly, trog_wizard,
          david_lair_generic, minmay_pinched_square, uniq_grum, uniq_erica
D:9:      layout_roguey, lightli_temple_of_fire
Temple:   corrupted_temple

Skill      XL: |  1  2  3  4  5  6  7  8  9 |
---------------+----------------------------+-----
Transmutations | 2 |  2.0
Stealth        | 3 4 5 |  5.0
Dodging        | 3 4 5 |  5.8
Conjurations   | 1 2 4 |  4.9
Spellcasting   | 3 4 5 |  5.1
Earth Magic    | 4 5 6 |  6.3
Invocations    | 1 3 |  3.4
Fighting       | 1 |  1.0

Action                     |  1- 3 |  4- 6 |  7- 9 || total
---------------------------+-------+-------+-------++-------
  Melee: Unarmed           |    13 |       |       ||    13
         Punch             |     1 |       |       ||     1
         Short sword       |       |    28 |    15 ||    43
  Throw: Dart              |       |     5 |       ||     5
         Boomerang         |       |       |    12 ||    12
   Cast: Sandblast         |    50 |    62 |    87 ||   199
         Stone Arrow       |       |     9 |    52 ||    61
         Passwall          |       |     1 |     2 ||     3
 Invoke: Donate Gold       |       |       |     1 ||     1
         Recite            |       |       |     3 ||     3
  Evoke: Wand              |       |       |     2 ||     2
    Use: Scroll            |       |       |     7 ||     7
         Potion            |       |       |     4 ||     4
   Stab: Sleeping          |       |     2 |       ||     2
 Armour: Robe              |    11 |    16 |    14 ||    41
  Dodge: Dodged            |    25 |    76 |    65 ||   166
  Block: Buckler           |       |     4 |    14 ||    18

Table legend: (Time is in decaauts)
 A = Elapsed time spent in this place.
 B = Non-inter-level travel time spent in this place.
 C = Inter-level travel time spent in this place.
 D = Time resting spent in this place.
 E = Time spent auto-exploring this place.
 F = Levels seen in this place.
 G = Mean time per level.
                   A        B        C        D        E       F      G
               +--------+--------+--------+--------+--------+-----+--------+
         Total |   7968 |   7669 |    299 |   1227 |   4622 |  10 |  796.8 |
       Dungeon |   7905 |   7606 |    299 |   1227 |   4602 |   9 |  878.3 |
        Temple |     62 |     62 |      0 |      0 |     20 |   1 |   62.0 |
               +--------+--------+--------+--------+--------+-----+--------+

Top non-repeatable levels by time:
     D:5: 1402 daAuts
     D:4: 1324 daAuts
     D:6: 1295 daAuts
     D:7: 1035 daAuts
     D:1: 983 daAuts
     D:3: 788 daAuts
     D:2: 587 daAuts
     D:8: 261 daAuts
     D:9: 227 daAuts
  Temple: 62 daAuts
